[Event "*** SCC Grand Prix: Titled Tuesday Blitz"]
[Site "Chess.com"]
[Date "2020.06.23"]
[Round "8"]
[White "THE_PLAYER6"]
[Black "MF1966Idrisov"]
[Result "0-1"]
[WhiteElo "2445"]
[BlackElo "2359"]
[TimeControl "180+1"]
[EndTime "11:33:47 PDT"]
[Termination "MF1966Idrisov won by resignation"]

1. d4 d6 2. g3 f5 3. Bg2 Nf6 4. Nf3 e6 5. O-O Be7 6. c4 O-O 7. Nc3 Ne4 8. Nd2 Nxc3 9. bxc3 Bf6 10. Rb1 Nc6 11. e4 fxe4 12. Nxe4 e5 13. Nxf6+ Qxf6 14. Be3 Kh8 15. Qd2 Qf7 16. Bd5 Qh5 17. Qd1 Bg4 18.
f3 Bh3 19. Rf2 exd4 20. cxd4 Rab8 21. Rfb2 Ne7 22. Rxb7 Rxb7 23. Rxb7 Nxd5 24. cxd5 h6 25. Rxa7 Qxd5 26. Bf2 Rxf3 27. Ra5 Rxg3+ 0-1

[Event "*** SCC Grand Prix: Titled Tuesday Blitz"]
[Site "Chess.com"]
[Date "2020.06.23"]
[Round "8"]
[White "CarlssonLudvig"]
[Black "AndreyNeves"]
[Result "1-0"]
[WhiteElo "2428"]
[BlackElo "2202"]
[TimeControl "180+1"]
[EndTime "11:33:47 PDT"]
[Termination "CarlssonLudvig won by resignation"]

1. Nf3 d5 2. g3 Nf6 3. Bg2 g6 4. O-O Bg7 5. d4 O-O 6. c3 b6 7. Nbd2 Bb7 8. Re1 Nbd7 9. e4 Nxe4 10. Nxe4 dxe4 11. Ng5 Nf6 12. Nxe4 Nxe4 13. Bxe4 Bxe4 14. Rxe4 e6 15. Bf4 Qd5 16. Re1 c5 17. dxc5 bxc5 18.
Qxd5 exd5 19. Re7 d4 20. cxd4 Bxd4 21. Be5 Rfe8 22. Rxe8+ Rxe8 23. Bxd4 cxd4 24. Rd1 Rd8 25. Kf1 Kg7 26. Ke2 Kf6 27. Kd3 Ke5 28. Re1+ Kd5 29. Re4 Kc5 30. Re5+ Rd5 31. Rxd5+ Kxd5 32. b4 a6 33. f4 f5 34. h3 h6 35. h4 h5 36. a3 Kc6 37. Kxd4 Kb5 38. Kc3 Ka4 39. Kb2 a5 40. bxa5 Kxa5 41. Kc3 Kb5 42. Kd4 Ka4 43. Ke5 Kxa3 44. Kf6 Kb4 45. Kxg6 Kc3 46. Kxf5 Kd2 47. Kg5 Ke1 48. Kxh5 Kf2 49. Kg4 Ke2 50. h5 Kd2 51. h6 Kc2 52. h7 Kb2 53. h8=Q+ 1-0

[Event "*** SCC Grand Prix: Titled Tuesday Blitz"]
[Site "Chess.com"]
[Date "2020.06.23"]
[Round "8"]
[White "FairChess_on_YouTube"]
[Black "Hikaru"]
[Result "1/2-1/2"]
[WhiteElo "3002"]
[BlackElo "3210"]
[TimeControl "180+1"]
[EndTime "11:33:49 PDT"]
[Termination "Game drawn by agreement"]

1. e4 c5 2. Nc3 d6 3. Nge2 Nf6 4. g3 a6 5. Bg2 g6 6. O-O Bg7 7. d4 cxd4 8. Nxd4 O-O 9. h3 Bd7 10.
Be3 Nc6 11. Re1 Nxd4 12. Bxd4 e5 13. Be3 Be6 14. Qd2 Rc8 15. Rad1 Rc6 16. f4 Qc8 17. f5 gxf5 18. exf5 Bxf5 19. g4 Bg6 20. Bg5 e4 21. Bxf6 Bxf6 22. Nxe4 Be5 23. c3 f5 24. gxf5 Rxf5 25. Rf1 Rxf1+ 26. Rxf1 Kg7 27. Qg5 Qe6 28. Ng3 Rc8 29. Nf5+ Kh8 30. Ne7 Rb8 31.
Nxg6+ Qxg6 32. Qxg6 hxg6 1/2-1/2

[Event "*** SCC Grand Prix: Titled Tuesday Blitz"]
[Site "Chess.com"]
[Date "2020.06.23"]
[Round "8"]
[White "Ginger_GM"]
[Black "ElviraBerend"]
[Result "1-0"]
[WhiteElo "2661"]
[BlackElo "2484"]
[TimeControl "180+1"]
[EndTime "11:33:49 PDT"]
[Termination "Ginger_GM won by resignation"]

1. d4 Nf6 2. Nf3 g6 3. h4 h5 4. Nc3 d6 5. e4 Bg7 6. Ng5 c6 7. Be2 b5 8. Be3 a5 9. Qd2 b4 10. Nd1 Bb7 11. O-O O-O 12. f4 Na6 13. f5 gxf5 14.
Rxf5 e6 15. Rf1 c5 16. Nf2 cxd4 17. Bxd4 e5 18. Be3 Nc5 19. Bf3 Ne6 20. Rad1 Rc8 21. Nxe6 fxe6 22. Bh6 d5 23. Qg5 Qe7 24. Bxh5 Kh8 25.
Ng4 Bxh6 26. Qxh6+ Qh7 27. Rxf6 Rxf6 28. Qxf6+ Qg7 29.
Qxe6 Rxc2 30. Rf1 1-0

[Event "*** SCC Grand Prix: Titled Tuesday Blitz"]
[Site "Chess.com"]
[Date "2020.06.23"]
[Round "8"]
[White "Dr_crypt"]
[Black "Efremov_Vlad"]
[Result "1-0"]
[WhiteElo "2360"]
[BlackElo "2188"]
[TimeControl "180+1"]
[EndTime "11:33:49 PDT"]
[Termination "Dr_crypt won by resignation"]

1. d4 d5 2. c4 e6 3. cxd5 exd5 4.
Nc3 Nf6 5. Bf4 Bb4 6. e3 O-O 7.
Bd3 c5 8. Ne2 Nc6 9. dxc5 Bxc5 10.
O-O Bg4 11. h3 Bh5 12. Qc2 Bb6 13. Rfd1 Nb4 14. Qd2 Nxd3 15. Qxd3 Bg6 16. Qb5 a6 17. Qb3 Ba7 18. Qxb7 Qa5 19. Rac1 Bh5 20. Bc7 Qc5 21. Nxd5 Bxe2 22. Nxf6+ gxf6 23. Rxc5 Bxc5 24. Rc1 Be7 25. Bf4 Rfe8 26. Rc7 Rab8 27. Qa7 Ra8 28. Qd4 Bd8 29. Rb7 Bb5 30. Bh6 1-0

[Event "*** SCC Grand Prix: Titled Tuesday Blitz"]
[Site "Chess.com"]
[Date "2020.06.23"]
[Round "8"]
[White "felipelobo"]
[Black "j_coca"]
[Result "0-1"]
[WhiteElo "2098"]
[BlackElo "2196"]
[TimeControl "180+1"]
[EndTime "11:33:54 PDT"]
[Termination "j_coca won on time"]

1. e4 g6 2. d4 Bg7 3. Nc3 d6 4. Be3 Nc6 5. Qd2 e5 6. Nge2 f5 7. f3 Nf6 8. d5 Ne7 9. Bh6 O-O 10.
O-O-O a6 11. h4 b5 12. h5 Nxh5 13. Bxg7 Kxg7 14. Qg5 Nf6 15. Ng3 f4 16. Nh5+ Nxh5 17. Rxh5 Ng8 18. Qxd8 Rxd8 19. Rh4 g5 20. Rh5 h6 21.
Be2 Nf6 22. Rh2 h5 23. Rdh1 h4 24. Nd1 Bd7 25. Nf2 Rh8 26. Nh3 Bxh3 27. gxh3 Nh5 28.
Rg2 Ng3 29. Rd1 Rhc8 30. Kb1 Kf6 31. c3 Ke7 32. Bd3 c6 33. dxc6 Rxc6 34. Bc2 Rd8 35.
Rgd2 a5 36. Bb3 a4 37. Bd5 Rc5 38. b3 axb3 39. axb3 Rxc3 40. Rd3 Rxd3 41. Rxd3 Ne2 42.
Kb2 Nd4 43. Rc3 Kd7 0-1

[Event "*** SCC Grand Prix: Titled Tuesday Blitz"]
[Site "Chess.com"]
[Date "2020.06.23"]
[Round "8"]
[White "RestartingChess"]
[Black "Fusikk"]
[Result "0-1"]
[WhiteElo "2439"]
[BlackElo "2555"]
[TimeControl "180+1"]
[EndTime "11:34:00 PDT"]
[Termination "Fusikk won by resignation"]

1. e4 e6 2. d4 d5 3. exd5 exd5 4.
c4 Bb4+ 5. Nc3 Ne7 6. Bd3 dxc4 7. Bxc4 O-O 8. Ne2 Nd7 9. O-O Nb6 10. Bb3 c6 11.
Be3 Nbd5 12. Bxd5 Nxd5 13. Qb3 Nxe3 14. fxe3 Be7 15. Nf4 Qb6 16. Qxb6 axb6 17. a3 Re8 18. Rae1 b5 19. Nd3 Be6 20. Rf3 f6 21. Ne4 Bc4 22. Ndc5 b6 23. Nd7 Rad8 24. Nxb6 Be6 25. Nc5 Bg4 26.
Rg3 f5 27. h3 Bh4 28. Kh2 Bh5 29. Nbd7 f4 30. exf4 Bxg3+ 31. Kxg3 Rxe1 32. Kh4 Be8 33. Ne5 Rxd4 34. Ne6 Rxf4+ 35. Nxf4 Rxe5 36. g4 g5+ 37. Kg3 gxf4+ 38. Kxf4 0-1

[Event "*** SCC Grand Prix: Titled Tuesday Blitz"]
[Site "Chess.com"]
[Date "2020.06.23"]
[Round "8"]
[White "serhanberat_ozdemir"]
[Black "Canairez"]
[Result "0-1"]
[WhiteElo "2521"]
[BlackElo "2380"]
[TimeControl "180+1"]
[EndTime "11:34:04 PDT"]
[Termination "Canairez won by resignation"]

1. e4 c6 2. d4 d5 3. exd5 cxd5 4. c4 Nc6 5. Nc3 Nf6 6. Bg5 Be6 7. Be2 h6 8. Bxf6 exf6 9. Bf3 Bb4 10. Ne2 O-O 11. O-O Ne7 12. Rc1 dxc4 13. Bxb7 Rb8 14. Bf3 Qa5 15. d5 Rfd8 16. Nf4 Bxc3 17. Rxc3 Nxd5 18. Nxd5 Bxd5 19. Bxd5 Rxd5 20. Qc2 Qxa2 21. Rxc4 g6 22. Qe4 Rdb5 23. b4 Qd2 24. Rb1 a5 25. Rc2 Rxb4 26.
Qxb4 Rxb4 0-1

[Event "*** SCC Grand Prix: Titled Tuesday Blitz"]
[Site "Chess.com"]
[Date "2020.06.23"]
[Round "8"]
[White "jaskol95"]
[Black "kidagent"]
[Result "1-0"]
[WhiteElo "2392"]
[BlackElo "2210"]
[TimeControl "180+1"]
[EndTime "11:34:07 PDT"]
[Termination "jaskol95 won by resignation"]

1. d4 d5 2. Bf4 Nf6 3. e3 c5 4. c3 Nc6 5. Nd2 cxd4 6. exd4 Bf5 7. Ngf3 e6 8. Qa4 Bd6 9. Ba6 Bxf4 10. Bxb7 O-O 11.
Bxc6 Rb8 12. b4 Qc7 13. g3 Bxd2+ 14. Nxd2 Rfc8 15. b5 Rb7 16. O-O Rb6 17. c4 a6 18.
c5 axb5 19. cxb6 Qxc6 20. Qa7 Qd6 21. Rfc1 Rb8 22. b7 e5 23. Rc6 Qxc6 24. Qxb8+ Ne8 25. Qxe5 Be6 26. b8=Q 1-0

[Event "*** SCC Grand Prix: Titled Tuesday Blitz"]
[Site "Chess.com"]
[Date "2020.06.23"]
[Round "8"]
[White "GMTalks_Youtube"]
[Black "StockholmMissile"]
[Result "1-0"]
[WhiteElo "2680"]
[BlackElo "2445"]
[TimeControl "180+1"]
[EndTime "11:34:11 PDT"]
[Termination "GMTalks_Youtube won by resignation"]

1. e4 e5 2. Nf3 Nc6 3. Bc4 Bc5 4. d3 Nf6 5. O-O a6 6. c3 Ba7 7. Bb3 d6 8. Re1 h6 9. Nbd2 O-O 10. Nf1 Ne7 11. Ng3 Ng6 12. h3 Re8 13. d4 c6 14. Be3 Qc7 15. Qd2 exd4 16. Bxd4 Ne5 17. Nh4 Be6 18. Nhf5 Bxd4 19. cxd4 Ng6 20. Bc2 Ne7 21.
Nxh6+ gxh6 22. Qxh6 Ng6 23. Nf5 Bxf5 24. exf5 Nf8 25.
Qxf6 Qd8 26. Qh6 Qa5 27. f6 Rxe1+ 28. Rxe1 Qxe1+ 29. Kh2 Ne6 30. Qh7+ 1-0

[Event "*** SCC Grand Prix: Titled Tuesday Blitz"]
[Site "Chess.com"]
[Date "2020.06.23"]
[Round "8"]
[White "Leonid_Starozhilov"]
[Black "chess94cu"]
[Result "1-0"]
[WhiteElo "2723"]
[BlackElo "2550"]
[TimeControl "180+1"]
[EndTime "11:34:12 PDT"]
[Termination "Leonid_Starozhilov won by checkmate"]

1. e4 e5 2. Nf3 Nc6 3. Bb5 a6 4.
Bxc6 dxc6 5. h3 Ne7 6. d4 exd4 7.
Qxd4 Qxd4 8. Nxd4 g6 9. Nc3 Bg7 10. Be3 O-O 11. O-O-O f5 12. Bg5 Re8 13. Bxe7 Rxe7 14.
exf5 Bxf5 15. Nxf5 gxf5 16. Rhe1 Rae8 17. Rxe7 Rxe7 18.
Rd3 Kf7 19. Kd1 b6 20. b3 Be5 21. Ne2 Kf6 22. Nd4 Bxd4 23. Rxd4 Rg7 24. g3 Ke5 25. Rh4 c5 26. Ke2 a5 27. Ke3 Re7 28. Rh6 Rf7 29. f4+ Kd5 30. c4# 1-0

[Event "*** SCC Grand Prix: Titled Tuesday Blitz"]
[Site "Chess.com"]
[Date "2020.06.23"]
[Round "8"]
[White "Zurability"]
[Black "FedaMaster"]
[Result "1-0"]
[WhiteElo "2672"]
[BlackElo "2490"]
[TimeControl "180+1"]
[EndTime "11:34:12 PDT"]
[Termination "Zurability won on time"]

1. c4 c5 2. Nf3 Nc6 3. Nc3 g6 4. e3 Nf6 5. d4 cxd4 6. exd4 d5 7.
cxd5 Nxd5 8. Bc4 e6 9. Qb3 Nb6 10. Bb5 Bg7 11. Bxc6+ bxc6 12. O-O O-O 13. Bf4 Nd5 14.
Be5 f6 15. Bg3 Qb6 16. Qa3 Ba6 17. Rfd1 Rfd8 18. Rac1 Bf8 19. Qa4 Bb5 20. Qc2 Nb4 21. Qb3 Nd5 22. Ne4 f5 23. Nc5 Bxc5 24. dxc5 Qa6 25. Nd4 Ba4 26. Qa3 Bb5 27. Qf3 Qc8 28.
Re1 Re8 29. Re5 Ba6 30. Rce1 f4 31. Bxf4 Rf8 32. Nxe6 Rf6 33. Qe4 Qd7 34. Bg5 Rf7 35. Bh4 1-0

[Event "*** SCC Grand Prix: Titled Tuesday Blitz"]
[Site "Chess.com"]
[Date "2020.06.23"]
[Round "8"]
[White "PavelChernomordik"]
[Black "Grandmaster2B"]
[Result "1-0"]
[WhiteElo "2323"]
[BlackElo "2407"]
[TimeControl "180+1"]
[EndTime "11:34:12 PDT"]
[Termination "PavelChernomordik won by resignation"]

1. e4 c5 2. Nc3 Nc6 3. Bb5 Nd4 4. Bc4 Nf6 5. Nge2 d6 6. d3 Bg4 7. f3 Bd7 8. Nxd4 cxd4 9. Ne2 b5 10. Bb3 Qb6 11.
O-O g6 12. f4 Bg7 13. e5 Ng4 14. h3 Nh6 15. g4 O-O 16. Qe1 a5 17. a3 Qc5 18. Qh4 dxe5 19. fxe5 Qxe5 20. Rf2 a4 21. Ba2 g5 22. Bxg5 Qd6 23. Bxe7 Qg6 24. Nf4 Nf5 25. Nxg6 Nxh4 26. Nxh4 Rfe8 27. Bxf7+ Kh8 28. Bxe8 Rxe8 29. Bf6 1-0

[Event "*** SCC Grand Prix: Titled Tuesday Blitz"]
[Site "Chess.com"]
[Date "2020.06.23"]
[Round "8"]
[White "luizwas"]
[Black "NiranjanNavalgund"]
[Result "0-1"]
[WhiteElo "1803"]
[BlackElo "2429"]
[TimeControl "180+1"]
[EndTime "11:34:13 PDT"]
[Termination "NiranjanNavalgund won by resignation"]

1. e4 c5 2. Nf3 Nc6 3. Bb5 g6 4.
O-O Bg7 5. Re1 e5 6. c3 Nge7 7. Na3 d6 8. Nc2 O-O 9. d4 cxd4 10. cxd4 exd4 11. Ncxd4 Nxd4 12. Nxd4 d5 13. e5 Nf5 14. Nxf5 Bxf5 15. Bd3 Qd7 16. Bf4 Rad8 17. Rc1 Rfe8 18. Bg3 Bxd3 19. Qxd3 d4 20. f3 Qd5 21. Qe4 Qxa2 22.
Qxb7 d3 23. Rcd1 Qc4 24. Qxa7 Bf8 25. Kh1 Bc5 26. Qc7 d2 27. Rf1 Qxf1+ 28. Rxf1 d1=Q 29. Re1 Bb4 0-1

[Event "*** SCC Grand Prix: Titled Tuesday Blitz"]
[Site "Chess.com"]
[Date "2020.06.23"]
[Round "8"]
[White "Sueetin"]
[Black "jonaszmb"]
[Result "0-1"]
[WhiteElo "2348"]
[BlackElo "2471"]
[TimeControl "180+1"]
[EndTime "11:34:16 PDT"]
[Termination "jonaszmb won by resignation"]

1. d4 d5 2. c4 Bf5 3. Nc3 e6 4. cxd5 exd5 5. Qb3 Nc6 6. a3 Nxd4 7. Qa4+ Nc6 8. e4 dxe4 9. Bb5 Bd7 10. Nge2 a6 11. Bc4 b5 12. Bxf7+ Kxf7 13. Qxe4 Nf6 14. Qh4 Be7 15.
O-O Re8 16. Bg5 h6 17. Bxh6 gxh6 18. Qxh6 Rg8 19. Nf4 Ne5 20. Rfe1 Bd6 21. Re3 Neg4 22. Qh4 Bxf4 23. Rf3 Bxh2+ 24. Kf1 Bd6 25. Qh5+ Rg6 26.
Qh7+ Rg7 27. Qh5+ Kg8 28. Qh4 Nh2+ 29. Ke2 Nxf3 30. gxf3 Qe7+ 31. Kd2 Re8 32. Rh1 Ne4+ 33. fxe4 Qxh4 34. Rxh4 Rf8 0-1

[Event "*** SCC Grand Prix: Titled Tuesday Blitz"]
[Site "Chess.com"]
[Date "2020.06.23"]
[Round "8"]
[White "Lion-Al-Messi"]
[Black "Manukyan_Artak"]
[Result "1-0"]
[WhiteElo "2453"]
[BlackElo "2336"]
[TimeControl "180+1"]
[EndTime "11:34:17 PDT"]
[Termination "Lion-Al-Messi won on time"]

1. e4 c6 2. Nf3 d5 3. Nc3 Bg4 4. h3 Bxf3 5. Qxf3 Nf6 6. d3 e6 7. Bd2 Bb4 8. e5 Nfd7 9. Qg3 O-O 10. Bh6 g6 11. Bxf8 Nxf8 12. a3 Qa5 13. d4 c5 14.
O-O-O Bxa3 15. bxa3 Qxa3+ 16. Kd2 cxd4 17. Nb5 Qa5+ 18.
c3 Nc6 19. Be2 a6 20. Nd6 Nxe5 21. Ra1 dxc3+ 22. Qxc3 Qxc3+ 23. Kxc3 Nfd7 24. Nxb7 Nc6 25. Rxa6 Rc8 26. Kd2 Nb4 27. Ra4 Rc2+ 28. Ke1 Rc1+ 29. Bd1 Nc6 30. Nd6 Nde5 31. Ke2 Rb1 32. Re1 Rb2+ 33. Kf1 1-0

[Event "*** SCC Grand Prix: Titled Tuesday Blitz"]
[Site "Chess.com"]
[Date "2020.06.23"]
[Round "8"]
[White "Supernotar"]
[Black "saikrishnaReturns"]
[Result "1-0"]
[WhiteElo "2800"]
[BlackElo "2635"]
[TimeControl "180+1"]
[EndTime "11:34:18 PDT"]
[Termination "Supernotar won by resignation"]

1. d4 Nf6 2. c4 g6 3. Nc3 Bg7 4.
e4 d6 5. Be2 O-O 6. Nf3 e5 7.
O-O Nc6 8. d5 Ne7 9. Ne1 Nd7 10.
Be3 f5 11. f3 f4 12. Bf2 g5 13.
a4 Rf6 14. a5 Rh6 15. b4 Qe8 16. Kh1 a6 17. c5 dxc5 18. b5 Qh5 19. Bg1 Nf6 20.
bxa6 bxa6 21. Rb1 Ng6 22. d6 Qh4 23. Bc4+ Kh8 24. dxc7 Nh5 25. Qd8+ Nf8 26. Ne2 Ng3+ 27. Nxg3 fxg3 28. Rb8 Qf4 29. Qxc8 Rxh2+ 30. Bxh2 Qh4 31. Qh3 Qxh3 32. gxh3 1-0

[Event "*** SCC Grand Prix: Titled Tuesday Blitz"]
[Site "Chess.com"]
[Date "2020.06.23"]
[Round "8"]
[White "nikitakhoroshev"]
[Black "1977Ivan"]
[Result "0-1"]
[WhiteElo "2483"]
[BlackElo "2656"]
[TimeControl "180+1"]
[EndTime "11:34:18 PDT"]
[Termination "1977Ivan won by resignation"]

1. d4 Nf6 2. c4 e6 3. Nc3 Bb4 4. e3 c5 5. Nf3 Nc6 6. Bd3 Bxc3+ 7. bxc3 d6 8. O-O e5 9. Nd2 O-O 10. d5 Ne7 11. Qc2 h6 12. h3 Kh8 13. f4 exf4 14.
exf4 g6 15. g4 h5 16. f5 hxg4 17. hxg4 gxf5 18. Nf3 Nxg4 19. Nh2 Ne5 20. Be2 f6 21. Bh6 Rg8+ 22. Kh1 Bd7 23. Rg1 N7g6 24. Bh5 Qe7 25. Rae1 Qh7 26. Qd2 f4 27. Bxg6 Qxh6 28. Bb1 Nf3 29.
Qc2 Rxg1+ 30. Rxg1 Nxg1 31. Kxg1 Rg8+ 32. Kf1 Bh3+ 33.
Ke1 Rg1+ 0-1

[Event "*** SCC Grand Prix: Titled Tuesday Blitz"]
[Site "Chess.com"]
[Date "2020.06.23"]
[Round "8"]
[White "GM_LOADING"]
[Black "Twitch_ElhamBlitz05"]
[Result "0-1"]
[WhiteElo "2580"]
[BlackElo "2770"]
[TimeControl "180+1"]
[EndTime "11:34:23 PDT"]
[Termination "Twitch_ElhamBlitz05 won by resignation"]

1. e4 c6 2. d4 d5 3. e5 c5 4.
dxc5 e6 5. a3 Nd7 6. Nf3 Nxc5 7.
b4 Ne4 8. c4 Ne7 9. Bd3 Bd7 10.
O-O Ng6 11. cxd5 exd5 12. Bb2 Be7 13. Nbd2 Nxd2 14. Qxd2 O-O 15. Rfe1 a5 16. b5 Bg4 17. Qe3 Bxf3 18. Qxf3 Bc5 19. Rad1 d4 20. Qxb7 Rb8 21.
Qe4 Qe7 22. a4 Rfd8 23. Rc1 Bb4 24. Re2 Ba3 25. h4 Bxb2 26. Rxb2 Qxe5 27. Qxe5 Nxe5 28. Rd2 Rdc8 29. Rxc8+ Rxc8 30. Be4 Rd8 31. b6 Nc4 32. Rd3 Nxb6 33. Bc6 Nc4 34. f3 Ne5 0-1

[Event "*** SCC Grand Prix: Titled Tuesday Blitz"]
[Site "Chess.com"]
[Date "2020.06.23"]
[Round "8"]
[White "Cubitas"]
[Black "TokChess"]
[Result "1-0"]
[WhiteElo "2540"]
[BlackElo "2366"]
[TimeControl "180+1"]
[EndTime "11:34:23 PDT"]
[Termination "Cubitas won by resignation"]

1. Nc3 d5 2. d4 Nf6 3. Bf4 Bf5 4.
f3 c5 5. e4 dxe4 6. dxc5 Nc6 7. Bb5 e6 8. Be3 Be7 9. Qe2 O-O 10. Rd1 Qc7 11. fxe4 Nxe4 12. Nxe4 Bxe4 13. Nf3 Bxf3 14. gxf3 Nb4 15. Rd7 Qe5 16. Rxe7 Nxc2+ 17. Kf2 Nxe3 18. Qxe3 Qxb2+ 19. Be2 Qxa2 20. Rxb7 Rac8 21. Rc1 Qd5 22. Rxa7 Rc6 23. f4 Rcc8 24. Bf3 Qf5 25. c6 h5 26. c7 1-0

[Event "*** SCC Grand Prix: Titled Tuesday Blitz"]
[Site "Chess.com"]
[Date "2020.06.23"]
[Round "8"]
[White "m-garcett"]
[Black "Belka1989"]
[Result "1-0"]
[WhiteElo "2066"]
[BlackElo "2297"]
[TimeControl "180+1"]
[EndTime "11:34:23 PDT"]
[Termination "m-garcett won by resignation"]

1. e4 c5 2. Nf3 d6 3. d4 cxd4 4. Nxd4 Nf6 5. Nc3 a6 6. Bg5 Nbd7 7. f4 Qc7 8. Qf3 h6 9. Bh4 g5 10. Bf2 gxf4 11. O-O-O h5 12. Kb1 Bh6 13. g3 Ne5 14.
Qe2 Bg4 15. Qe1 Bxd1 16. Qxd1 e6 17. Bh3 O-O-O 18. gxf4 Bxf4 19. Bxe6+ fxe6 20. Nxe6 Qc4 21. Nxf4 Rhg8 22. Nfd5 Rg2 23. Nb6+ Kb8 24. Nxc4 Nxc4 25. Qd4 Ne5 26. Qa7+ Kc8 27. Bb6 Rdg8 28. Qa8+ Kd7 29. Qxb7+ Ke6 30. Nd5 Nxe4 31. Nf4+ Kf5 32. Nxg2 Rxg2 33.
Rf1+ Ke6 34. Qxe4 1-0

[Event "*** SCC Grand Prix: Titled Tuesday Blitz"]
[Site "Chess.com"]
[Date "2020.06.23"]
[Round "8"]
[White "GMBenjaminBok"]
[Black "Airquake"]
[Result "1-0"]
[WhiteElo "2848"]
[BlackElo "2671"]
[TimeControl "180+1"]
[EndTime "11:34:27 PDT"]
[Termination "GMBenjaminBok won by resignation"]

1. d4 Nf6 2. c4 e6 3. Nc3 d5 4.
cxd5 exd5 5. Bg5 Nbd7 6. e3 Be7 7. Bd3 O-O 8. Nf3 b6 9. O-O Bb7 10. Rc1 Ne4 11. Bxe7 Qxe7 12. Qa4 c5 13. Rfd1 a6 14. Qa3 Qf6 15. dxc5 Ndxc5 16. Bf1 Rfd8 17. b4 Ne6 18. Nxe4 dxe4 19. Nd2 b5 20. Nb3 Bd5 21. Nd4 Nf8 22. Rc5 Bb7 23. Rc7 Bd5 24. Rc5 Bb7 25.
Qb3 Ng6 26. a4 bxa4 27. Qxa4 Ne5 28. Qb3 Qg6 29. Rxe5 1-0

[Event "*** SCC Grand Prix: Titled Tuesday Blitz"]
[Site "Chess.com"]
[Date "2020.06.23"]
[Round "8"]
[White "Reader777"]
[Black "pooh2012"]
[Result "1/2-1/2"]
[WhiteElo "2689"]
[BlackElo "2499"]
[TimeControl "180+1"]
[EndTime "11:34:27 PDT"]
[Termination "Game drawn by agreement"]

1. d4 Nf6 2. c4 e6 3. g3 d5 4. Bg2 dxc4 5. Nf3 Bb4+ 6. Nbd2 O-O 7. Qc2 a6 8. Qxc4 Be7 9. O-O b5 10. Qc2 Bb7 11. Nb3 Be4 12. Qd1 Nbd7 13. Bd2 c5 14. dxc5 Nxc5 15. Bc3 Qxd1 16. Rfxd1 Nxb3 17. axb3 Nd5 18. Ba5 Rfc8 19. Rdc1 Bf6 20. Rxc8+ Rxc8 21. Be1 Rc6 22.
Nd4 Bxd4 23. Bxe4 Bxb2 24. Rd1 Rc1 25. Rxc1 Bxc1 26. Ba5 f5 27. Bd3 Ba3 28. e4 fxe4 29.
Bxe4 Kf7 30. Kf1 g6 31. Ke2 Ke7 32. h4 Bb4 33. Bxd5 Bxa5 34. Bb7 Bb6 35. Bxa6 b4 36.
Bc4 Bc5 37. f3 Kf6 38. g4 h6 39. Bd3 g5 1/2-1/2

[Event "*** SCC Grand Prix: Titled Tuesday Blitz"]
[Site "Chess.com"]
[Date "2020.06.23"]
[Round "8"]
[White "ChessQueen"]
[Black "Man-Chuk"]
[Result "0-1"]
[WhiteElo "2710"]
[BlackElo "2853"]
[TimeControl "180+1"]
[EndTime "11:34:28 PDT"]
[Termination "Man-Chuk won by resignation"]

1. e4 c6 2. c4 d5 3. cxd5 cxd5 4. exd5 Nf6 5. Nc3 g6 6. Bc4 Bg7 7. Nf3 O-O 8. O-O Nbd7 9. d3 a6 10. a4 b6 11. Re1 Bb7 12. Bg5 Re8 13. d4 Rc8 14. Ba2 b5 15. axb5 axb5 16. Qb3 Qb6 17. Ne5 b4 18. Nxd7 Nxd7 19. Bxe7 bxc3 20. Qxb6 Nxb6 21.
bxc3 Bxd5 22. Bc5 Rxe1+ 23. Rxe1 Bxa2 24. Bxb6 Rxc3 25. h4 Bf6 26. g3 Kg7 27. Bc5 Bd5 28.
Kh2 h5 29. Rd1 Rc2 30. Kg1 Bf3 31. Re1 Rd2 32. Kf1 Bxd4 0-1

[Event "*** SCC Grand Prix: Titled Tuesday Blitz"]
[Site "Chess.com"]
[Date "2020.06.23"]
[Round "8"]
[White "Fandorine"]
[Black "exoticprincess"]
[Result "1-0"]
[WhiteElo "2900"]
[BlackElo "2792"]
[TimeControl "180+1"]
[EndTime "11:34:29 PDT"]
[Termination "Fandorine won by resignation"]

1. e4 c6 2. d4 d5 3. e5 Bf5 4. h4 Na6 5. c3 Nc7 6. h5 e6 7.
Be3 h6 8. Nd2 Ne7 9. g4 Bh7 10.
f4 Nc8 11. Ngf3 Be7 12. Bh3 Nb6 13. O-O Nc4 14. Nxc4 dxc4 15. f5 Nd5 16. Bd2 Qd7 17. Ne1 O-O-O 18. Ng2 Kb8 19. Qe2 c5 20. Rad1 cxd4 21.
cxd4 Qb5 22. Bc3 Qc6 23. Nf4 Nxf4 24. Rxf4 Bg5 25. Bg2 Qa6 26. Rff1 Rd7 27. d5 exd5 28. Rxd5 Rhd8 29. Rfd1 Rxd5 30. Rxd5 Qb6+ 31. Kf1 Bh4 32. Ba5 1-0

[Event "*** SCC Grand Prix: Titled Tuesday Blitz"]
[Site "Chess.com"]
[Date "2020.06.23"]
[Round "8"]
[White "Siniauski"]
[Black "KyrgyzFighter"]
[Result "0-1"]
[WhiteElo "2487"]
[BlackElo "2309"]
[TimeControl "180+1"]
[EndTime "11:34:29 PDT"]
[Termination "KyrgyzFighter won on time"]

1. e4 e6 2. d4 d5 3. Nc3 Nf6 4. Bg5 Be7 5. e5 Nfd7 6. Bxe7 Qxe7 7. f4 O-O 8. Bd3 c5 9. Nf3 h6 10. O-O Nc6 11. dxc5 Nxc5 12. Ne2 a6 13. Nfd4 Bd7 14.
c3 Nxd3 15. Qxd3 Rac8 16. Kh1 f6 17. exf6 Qxf6 18. Rae1 Na5 19. Ng1 Nc4 20. b3 Nd6 21. Ngf3 Ne4 22. Ne5 Be8 23. c4 Bg6 24. Nxg6 Qxg6 25.
Qe2 Rf6 26. cxd5 exd5 27. f5 Qg5 28. Qe3 Qh5 29. h3 Re8 30. Kg1 Qh4 31. Qf3 Ref8 32.
Re2 Ng3 33. Re3 Nxf1 34. Qxf1 Qxd4 0-1

[Event "*** SCC Grand Prix: Titled Tuesday Blitz"]
[Site "Chess.com"]
[Date "2020.06.23"]
[Round "8"]
[White "Ze-Pequeno"]
[Black "alenee"]
[Result "1-0"]
[WhiteElo "2194"]
[BlackElo "2364"]
[TimeControl "180+1"]
[EndTime "11:34:29 PDT"]
[Termination "Ze-Pequeno won by resignation"]

1. e4 c5 2. Nf3 e6 3. d4 cxd4 4. Nxd4 Nc6 5. Nc3 Qc7 6. Be3 a6 7. Bd3 Nf6 8. O-O Nxd4 9. Bxd4 Bc5 10. Bxc5 Qxc5 11. Kh1 d6 12. f4 e5 13. Qf3 exf4 14. Qxf4 Qe5 15. Nd5 Qxf4 16. Rxf4 Nxd5 17. exd5 f6 18. Re1+ Kd8 19. Rfe4 Bd7 20. Re7 Kc7 21. Rxg7 Rae8 22. Ree7 Rxe7 23. Rxe7 Kd8 24. Rxh7 Re8 25. h4 Re5 26. Rf7 f5 27. c4 b5 28. b3 b4 29. Kh2 Ke8 30. Rh7 a5 31. h5 a4 32. h6 f4 33. Bg6+ Kd8 34. Rxd7+ Kxd7 35. h7 1-0

[Event "*** SCC Grand Prix: Titled Tuesday Blitz"]
[Site "Chess.com"]
[Date "2020.06.23"]
[Round "8"]
[White "rasmussvane"]
[Black "LionTheLeon_06"]
[Result "1-0"]
[WhiteElo "2886"]
[BlackElo "2697"]
[TimeControl "180+1"]
[EndTime "11:34:30 PDT"]
[Termination "rasmussvane won by resignation"]

1. Nf3 Nf6 2. g3 d5 3. Bg2 e6 4.
O-O Be7 5. c4 O-O 6. b3 b6 7. d4 Bb7 8. Nc3 dxc4 9. bxc4 c5 10. d5 exd5 11. Nh4 Ne4 12. Nxd5 Bxd5 13. cxd5 Bf6 14. Bxe4 Bxa1 15. d6 Nd7 16. Bxa8 Qxa8 17. Qa4 Qb7 18. Nf5 Bf6 19. Rd1 Re8 20. Be3 g6 21.
Nh6+ Kg7 22. Qc4 Ne5 23. Qf4 Nd7 24. a4 Qe4 25. Ng4 Qxf4 26. Bxf4 Re4 27. Bh6+ Kg8 28. Nxf6+ Nxf6 29. d7 1-0